Map: Ulrena

Players

Erik

  • Race: Zerg Zerg
  • League: Grandmaster

Light (SpeCial) - Winner!

  • Race: Terran Terran
  • League: Master

Event: Copa America 2016 Season 1

VOD

Have the link to the VOD?

Description

Time

  • Played on: Feb. 17, 2016, 5:27 p.m.
  • Length: 9:17

All games in this series

Show
View Real Time Build Order
Export as new Build Order

Erik Zerg 

Build Orders: Pool First 

Get SALT Encoding   

  12  0:02  Drone  
  13  0:13  Overlord  
  13  0:18  Drone  
  14  0:31  Drone x2  
  16  0:36  Drone  
  17  0:45  Spawning Pool  
  16  0:51  Drone  
  17  1:11  Hatchery  
  17  1:14  Extractor  
  17  1:15  Drone  
  17  1:18  Drone  
  17  1:20  Drone  
  18  1:32  Queen  
  20  1:35  Drone  
  21  1:43  Overlord  
  21  2:07  Zergling x2, Queen  
  21  2:08  Drone  
  25  2:12  Drone  
  25  2:13  Metabolic Boost  
  26  2:23  Queen  
  26  2:28  Drone x2  
  30  2:35  Drone  
  30  2:36  Drone  
  32  2:42  Overlord  
  32  2:52  Zergling x8  
  32  2:56  Pneumatized Carapace  
  36  3:02  Zergling x2  
  36  3:05  Queen  
  39  3:13  Zergling x4  
  39  3:17  Evolution Chamber  
  40  3:22  Zergling x6  
  40  3:24  Zergling x2  
  44  3:29  Overlord  
  44  3:35  Overlord  
  44  3:52  Zergling x14  
  51  4:02  Zergling x4  
  53  4:03  Zergling x2  
  53  4:06  Queen  
  50  4:17  Zergling x2  
  50  4:18  Zergling x2  
  50  4:31  Zergling x2  
  50  4:32  Zergling x4  
  46  4:46  Zergling x6  
  45  4:53  Zergling x2  
  45  4:58  Zergling x2  
  49  5:02  Queen  
  49  5:08  Zergling x2  
  49  5:09  Zergling x2  
  49  5:13  Lair  
  45  5:14  Drone  
  45  5:16  Drone  
  46  5:25  Drone  
  46  5:28  Drone  
  45  5:33  Drone x2  
  45  5:34  Drone  
  49  5:42  Drone  
  49  5:43  Drone  
  49  5:46  Extractor  
  49  5:47  Extractor  
  49  5:49  Drone  
  49  5:54  Drone  
  50  6:03  Drone  
  51  6:05  Drone  
  52  6:14  Extractor  
  52  6:15  Drone x4  
  52  6:17  Overlord  
  55  6:19  Zergling x4  
  55  6:24  Hatchery  
  56  6:29  Zergling x4  
  58  6:36  Drone x2  
  58  6:39  Drone  
  61  6:40  Drone x2  
  61  6:46  Overlord  
  63  6:49  Overlord  
  63  6:58  Zergling x2  
  63  6:59  Zergling x6  
  62  7:06  Zergling x2  
  57  7:10  Queen  
  61  7:15  Roach Warren  
  61  7:21  Zergling x8  
  61  7:22  Zergling x8  
  56  7:33  Zergling x4  
  55  7:42  Spire  
  51  7:45  Zergling x2  
  51  7:51  Queen  
  42  7:52  Queen  
  42  7:53  Zergling x10  
  42  7:57  Zergling x2  
  48  8:02  Zergling x2  
  48  8:09  Zergling x4  
  44  8:21  Zergling x2  
  44  8:25  Roach x4  
  46  8:52  Hatchery  
Show
View Real Time Build Order
Export as new Build Order

Light Terran - Winner!

Build Orders: Reaper Expand 

Get SALT Encoding   

  12  0:00  SCV  
  13  0:13  SCV  
  14  0:17  Supply Depot  
  14  0:25  SCV  
  15  0:39  SCV  
  15  0:41  Barracks  
  16  0:45  Refinery  
  16  0:51  SCV  
  17  1:03  SCV  
  18  1:15  SCV  
  19  1:28  Reaper, Orbital Command  
  20  1:42  Command Center  
  20  1:50  Supply Depot  
  20  1:56  SCV  
  20  2:00  Marine  
  22  2:06  Factory  
  22  2:09  SCV  
  22  2:14  Refinery  
  23  2:21  SCV  
  23  2:22  Barracks Reactor  
  24  2:32  Bunker  
  24  2:33  SCV  
  25  2:45  SCV  
  26  2:54  Starport  
  26  2:56  Orbital Command  
  26  2:59  Marine x2  
  26  3:01  Factory Tech Lab  
  26  3:02  SCV  
  29  3:15  SCV  
  29  3:17  Marine  
  29  3:18  Marine  
  29  3:19  Siege Tank  
  35  3:21  SCV  
  35  3:27  Supply Depot  
  36  3:29  SCV  
  36  3:34  SCV  
  38  3:35  Medivac  
  40  3:42  SCV  
  40  3:46  SCV  
  42  3:51  Supply Depot x2, Marine x2  
  43  3:58  Supply Depot  
  43  4:00  Siege Tank  
  46  4:06  Bunker  
  46  4:09  Marine x2  
  47  4:21  Viking  
  47  4:22  Bunker  
  49  4:27  Marine x2  
  49  4:36  Siege Tank  
  52  4:45  Marine x2  
  35  4:55  SCV  
  35  4:56  SCV  
  37  5:02  Marine x2  
  37  5:16  SCV  
  37  5:20  Marine  
  37  5:23  Medivac  
  39  5:29  Marine  
  39  5:34  SCV x2  
  42  5:38  Marine  
  43  5:43  Siege Tank  
  43  5:48  Bunker  
  46  5:56  Marine x2  
  48  5:57  SCV x2  
  48  5:58  Medivac  
  52  6:13  SCV x2, Marine  
  52  6:14  Marine  
  52  6:16  Supply Depot  
  56  6:25  SCV  
  57  6:31  Marine x2  
  57  6:32  SCV  
  60  6:35  Command Center  
  60  6:42  Supply Depot  
  60  6:46  SCV x2  
  62  6:49  Marine x2  
  64  7:05  Factory Reactor  
  64  7:07  Barracks x2, Marine x2  
  65  7:09  SCV x2  
  65  7:21  SCV x2  
  64  7:23  Starport Reactor  
  64  7:25  Marine x2  
  66  7:33  SCV, Engineering Bay  
  66  7:34  SCV  
  66  7:46  SCV x2, Marine x2  
  66  7:48  Liberator x2  
  67  7:55  Refinery  
  67  7:56  Refinery  
  67  8:02  Orbital Command  
  67  8:03  Marine x3  
  67  8:04  Marine  
  77  8:10  SCV x2  
  79  8:21  Marine  
  79  8:22  Marine x4  
  79  8:24  Barracks  
  84  8:35  Barracks  
  84  8:37  SCV x2  
  84  8:40  Marine x3  
  84  8:41  Marine x2  
  88  8:42  Orbital Command  
  88  8:47  Factory Tech Lab  
  92  8:57  SCV  
Tags
 
Add a new tag
Caveats
  • Supply blocks, unpowered buildings, or Contaminate may cause inaccurate times.
  • Supply counts are checked every 10 seconds.